 Dungeon Crawl Stone Soup version 0.30-a0-576-g89cddaab80 (webtiles) character file.

Game seed: 2083434530768642334

2751 Bnni the Skirmisher (level 10, -1/71 HPs)
             Began as a Formicid Hexslinger on Dec 31, 2022.
             Was a Follower of Okawaru.
             Killed from afar by an acid dragon (24 damage)
             ... with a splash of acid
             ... on level 7 of the Dungeon.
             The game lasted 00:09:22 (5172 turns).

Bnni the Skirmisher (Formicid Hexslinger)           Turns: 5172, Time: 00:09:23

Health: -1/71      AC: -2    Str: 16    XL:     10   Next: 0%
Magic:  15/15      EV: 12    Int: 14    God:    Okawaru [*.....]
Gold:   453        SH:  0    Dex: 20    Spells: 5/16 levels left

rFire   . . .      SeeInvis +    m - +10 sling of the Establishment {freeze, Dex+4}
rCold   . . .      Faith    .    (no shield)
rNeg    . . .      Spirit   .    c - +0 robe
rPois   .          Reflect  .    (helmet unavailable)
rElec   .          Harm     .    (no cloak)
rCorr   .          Rampage  .    (no gloves)
Will    +....                    (no boots)
Stlth   ++                       d - amulet of the acrobat
HPRegen 0.31/turn                (no ring)
MPRegen 0.14/turn                (no ring)

@: corroded
A: permanent stasis, dig shafts and tunnels, antennae 3, four strong arms
a: Dig, Shaft Self, Renounce Religion, Heroism


You were on level 7 of the Dungeon.
You worshipped Okawaru.
Okawaru was aware of your devotion.
You visited 2 branches of the dungeon, and saw 8 of its levels.

You collected 453 gold pieces.

Inventory:

Hand Weapons
 l - a +0 arbalest
 m - the +10 sling of the Establishment (weapon) {freeze, Dex+4}
   (You found it on level 2 of the Dungeon)

   Any ammunition fired from it freezes those it strikes, dealing additional
   cold damage.
   It can also slow down cold-blooded creatures.
   Dex:       It affects your dexterity (+4).
Armour
 c - a +0 robe (worn)
Jewellery
 d - an amulet of the acrobat (around neck)
Wands
 j - a wand of flame (25)
 p - a wand of light (9)
 v - a wand of roots (5)
Scrolls
 b - 2 scrolls of poison
 h - 3 scrolls of acquirement {unknown}
 i - 2 scrolls of enchant armour
 n - 4 scrolls of immolation {unknown}
 o - 2 scrolls of enchant weapon {unknown}
 s - a scroll of magic mapping
Potions
 a - 2 potions of curing
 e - a potion of resistance {unknown}
 f - 2 potions of heal wounds
 g - a potion of cancellation {unknown}
 k - 2 potions of might {unknown}
 q - a potion of haste {unknown}
 r - a potion of magic {unknown}
 t - 2 potions of flight {unknown}
 u - a potion of lignification {unknown}


   Skills:
 + Level 3.9 Fighting
 * Level 13.0 Ranged Weapons
 - Level 1.7 Dodging
 + Level 3.6 Spellcasting
 * Level 7.1 Hexes
 + Level 1.2 Translocations
 - Level 3.0 Fire Magic
 + Level 2.1 Invocations


You had 5 spell levels left.
You knew the following spells:

 Your Spells              Type           Power      Damage    Failure   Level
a - Slow                  Hex            88%        N/A       1%          1
b - Inner Flame           Hex/Fire       16%        N/A       8%          3
c - Portal Projectile     Hex/Tloc       28%        N/A       11%         3
d - Cause Fear            Hex            11%        N/A       11%         4

Your spell library contained the following spells:

 Spells                   Type           Power      Damage    Failure   Level
 Momentum Strike          Conj/Tloc      8%         3d8       24%         2
 Lesser Beckoning         Tloc           10%        N/A       36%         3
 Metabolic Englaciation   Hex/Ice        6%         N/A       77%         5
 Petrify                  Tmut/Erth      2%         N/A       90%         4
 Statue Form              Tmut/Erth      1%         N/A       100%        6
 Blink                    Tloc           Unusable   N/A       N/A         2

Dungeon Overview and Level Annotations

Branches:
Dungeon (7/15)             Temple (1/1) D:4

Altars:
Ashenzari
Cheibriados
Dithmenos
Elyvilon
Fedhas
Gozag
Kikubaaqudgha
Makhleb
Nemelex Xobeh
Okawaru
Qazlal
Sif Muna
Uskayaw
Vehumet
Xom
Yredelemnul

Shops:
D:1 :


Innate Abilities, Weirdness & Mutations

You cannot be hasted, slowed, berserked, paralysed or teleported.
You can dig through walls and to a lower floor.
You have a pair of large antennae on your head. (SInv)
Your four strong arms can wield two-handed weapons with a shield.


Message History

You kill the ice beast!
Okawaru accepts your kill.
You have reached level 10!
HP restored.
There is an open door here.
There is a stone staircase leading up here.
You open the door.
You sense a monster nearby. 3 kobolds and an acid dragon come into view.
Found a runed hat.
There is an open door here.
You shoot a sling bullet. The sling bullet hits the acid dragon!
The sling bullet freezes the acid dragon.
The acid dragon roars!
The acid dragon is severely wounded.
The kobold shouts! x2; You hear a shout! x2
A kobold comes into view. It is wielding a +0 dagger.
The acid dragon spits acid at you. The splash of acid hits you!!
The acid corrodes you!
A kobold brigand comes into view.
It is wielding a +0 whip and quivering poisoned darts.
The kobold brigand moves out of view.
There is a stone staircase leading up here.
You shoot a sling bullet. The sling bullet misses the kobold.
The kobold throws a stone.
The stone hits you.
You shoot a sling bullet. The sling bullet hits the kobold!
The sling bullet freezes the kobold.
You kill the kobold!
Okawaru accepts your kill.
No target in view!
You shoot a sling bullet.
The sling bullet closely misses the acid dragon.
You shoot a sling bullet.
The sling bullet closely misses the acid dragon.
The acid dragon spits acid at you. The splash of acid hits you!!
You hear a shout! x4
You are too injured to fight recklessly!
The acid dragon spits acid at you. The splash of acid hits you!!
You die...

#######..###'###..##
# #..# #..##...# #
......#...#...# .
.......#...#...# ..
...... #...'...# ###
#+###..## ##.[###'##
+...#....# {
#.D.+.@..# #..##...#
#..##...# {#.{{D...#
{#..###### #.. #.{
#{. {{..


You could see an acid dragon (catching breath).

Vanquished Creatures
  Pikel (D:5)
  Duvessa (D:7)
  2 ice beasts
  2 orc warriors
  3 ogres
  A phantom (D:5)
  A lemure (D:5)
  2 bullfrogs
  A necrophage (D:5)
  4 scorpions
  3 wights (D:6)
  Dowan (D:7)
  A howler monkey (D:5)
  A gnoll bouda (D:4)
  3 hounds (D:6)
  A jelly (D:6)
  3 orc priests
  2 iguanas (D:6)
  5 orc wizards
  8 gnolls
  11 adders
  A shadow imp (D:5)
  An ufetubus (D:4)
  A worm (D:4)
  17 orcs
  10 endoplasms
  6 giant cockroaches
  8 goblins
  10 hobgoblins
  9 kobolds
  2 quokkas
  9 ball pythons
  A bat (D:2)
  4 frilled lizards
  7 rats
143 creatures vanquished.

Notes
Turn   | Place    | Note
-------+----------+-------------------------------------------
     0 | D:1      | Bnni the Formicid Hexslinger began the quest for the Orb.
     0 | D:1      | Reached XP level 1. HP: 15/15 MP: 2/2
   136 | D:1      | Found Zoitid's Book Shop.
   246 | D:1      | Reached XP level 2. HP: 21/21 MP: 3/3
   556 | D:1      | Reached XP level 3. HP: 26/26 MP: 4/4
   787 | D:2      | Identified the +10 sling of the Establishment {freeze,
                  | Dex+4}
   922 | D:2      | Learned a level 3 spell: Inner Flame
  1091 | D:2      | Reached skill level 1 in Fire Magic
  1091 | D:2      | Reached XP level 4. HP: 9/32 MP: 6/6
  1809 | D:3      | Reached skill level 3 in Ranged Weapons
  1922 | D:3      | Reached XP level 5. HP: 19/38 MP: 7/7
  2013 | D:3      | Learned a level 4 spell: Cause Fear
  2070 | D:3      | Reached skill level 5 in Hexes
  2320 | D:3      | Reached skill level 12 in Ranged Weapons
  2320 | D:3      | Reached XP level 6. HP: 44/44 MP: 9/9
  2354 | D:4      | Reached XP level 7. HP: 51/51 MP: 10/10
  2432 | D:4      | Found a staircase to the Ecumenical Temple.
  2475 | Temple   | Entered the Ecumenical Temple
  2475 | Temple   | Found a transporter.
  2475 | Temple   | Found a transporter.
  2477 | Temple   | Found a transporter.
  2477 | Temple   | Found a transporter.
  3081 | D:5      | Entered Level 5 of the Dungeon
  3242 | D:5      | Reached XP level 8. HP: 57/57 MP: 11/11
  3357 | D:5      | Found a white marble altar of Elyvilon.
  3361 | D:5      | Found a hide-covered altar of Uskayaw.
  3366 | D:5      | Noticed Pikel
  3376 | D:5      | Killed Pikel
  3461 | D:5      | Found an iron altar of Okawaru.
  3461 | D:5      | Found a broken altar of Ashenzari.
  3478 | D:5      | Found a shadowy altar of Dithmenos.
  3501 | D:5      | Became a worshipper of Warmaster Okawaru
  3538 | D:5      | Identified the +3 quarterstaff "Nixkorro" {elec, rElec rF-
                  | Will+ Dex+3}
  3570 | D:5      | Reached XP level 9. HP: 50/64 MP: 13/13
  3959 | D:6      | Learned a level 3 spell: Portal Projectile
  3985 | D:6      | Reached skill level 1 in Invocations
  4455 | D:6      | Reached * piety under Okawaru
  4887 | D:7      | Noticed Duvessa
  4890 | D:7      | Noticed Dowan
  4895 | D:7      | Killed Dowan
  4895 | D:7      | Killed Duvessa
  4905 | D:7      | Reached skill level 1 in Translocations
  5027 | D:7      | Reached skill level 13 in Ranged Weapons
  5056 | D:7      | Reached XP level 10. HP: 41/71 MP: 15/15
  5172 | D:7      | Killed from afar by an acid dragon

Illustrated notes

Levels and vault maps discovered:
D:1:      shiori_arrival_maze, layout_loops_cross, serial_shops, shop
D:2:      layout_loops_ring
D:3:      layout_rooms, kennysheep_orc_chapel
D:4:      layout_basic, minmay_temple_entry_statues_pillars
D:5:      layout_basic, nicolae_overflow_hallway_of_the_gods,
          columned_hall_lemuel, uniq_pikel
D:6:      layout_loops_corners
D:7:      layout_gridville, uniq_duvessa
Temple:   hellmonk_temple_divided_pantheon

Skill      XL: |  1  2  3  4  5  6  7  8  9 |
---------------+----------------------------+-----
Hexes          | 4 5 6 7 |  7.1
Fire Magic     | 1 2 3 |  3.0
Ranged Weapons | 3 12 13 | 13.0
Fighting       | 2 3 |  3.9
Spellcasting   | 2 3 |  3.6
Invocations    | 2 |  2.1
Translocations | 1 |  1.2
Dodging        | |  1.7

Action                   |  1- 3 |  4- 6 |  7- 9 | 10-12 || total
-------------------------+-------+-------+-------+-------++-------
 Fire: Sling             |   120 |    69 |   190 |     5 ||   384
       Arbalest          |       |     7 |       |       ||     7
 Cast: Slow              |     3 |     1 |     3 |       ||     7
       Inner Flame       |       |       |     2 |       ||     2
       Portal Projectile |       |       |     1 |       ||     1
  Use: Potion            |       |     2 |       |       ||     2
       Scroll            |       |     1 |     7 |       ||     8
Armor: Robe              |     7 |     5 |     1 |       ||    13
Dodge: Dodged            |    42 |    21 |     8 |       ||    71

Table legend: (Time is in decaauts)
 A = Elapsed time spent in this place.
 B = Non-inter-level travel time spent in this place.
 C = Inter-level travel time spent in this place.
 D = Time resting spent in this place.
 E = Time spent auto-exploring this place.
 F = Levels seen in this place.
 G = Mean time per level.
                   A        B        C        D        E       F      G
               +--------+--------+--------+--------+--------+-----+--------+
         Total |   5179 |   4977 |    202 |    135 |   4061 |   8 |  647.4 |
       Dungeon |   5140 |   4949 |    191 |    135 |   4059 |   7 |  734.3 |
        Temple |     38 |     27 |     11 |      0 |      2 |   1 |   38.0 |
               +--------+--------+--------+--------+--------+-----+--------+

Top non-repeatable levels by time:
     D:2: 1025 daAuts
     D:6: 1005 daAuts
     D:1: 788 daAuts
     D:5: 761 daAuts
     D:4: 712 daAuts
     D:3: 562 daAuts
     D:7: 285 daAuts
  Temple: 38 daAuts
